 Dungeon Crawl Stone Soup version 0.19.0-19-g8c6edcc (webtiles) character file.

3903 MirrMurr the Grappler (level 10, -15/95 (98) HPs)
             Began as a Troll Hunter on Nov 12, 2016.
             Was a Priest of Uskayaw.
             Demolished by an orc warrior
             ... wielding a +0 trident
              (19 damage)
             ... on level 9 of the Dungeon.
             The game lasted 00:16:45 (5999 turns).

MirrMurr the Grappler (Troll Hunter)                Turns: 5999, Time: 00:16:45

HP:   -15/95 (98)   AC:  7    Str: 22    XL:     10   Next: 0%
MP:   0/9           EV: 10    Int:  7    God:    Uskayaw [***...]
Gold: 558           SH:  0    Dex: 17    Spells: 0 memorised, 9 levels left

rFire  . . .     SeeInvis .       - Unarmed
rCold  + . .     Gourm    +     k - +0 robe
rNeg   . . .     Faith    .     (no shield)
rPois  .         Spirit   +     (helmet restricted)
rElec  .         Reflect  .     g - +1 cloak
rCorr  .         Harm     .     (gloves unavailable)
MR     .....                    (boots unavailable)
Stlth  ++........               x - amulet of guardian spirit
                                b - ring of protection from cold
                                u - +4 ring of dexterity

@: no status effects
A: unfitting armour, claws 3, fast metabolism 3, gourmand, regeneration 1,
shaggy fur 1, tough skin 2
a: Stomp, Line Pass, Renounce Religion


You were on level 9 of the Dungeon.
You worshipped Uskayaw.
Uskayaw was noncommittal.
You were completely stuffed.

You visited 1 branch of the dungeon, and saw 9 of its levels.

You collected 558 gold pieces.

Inventory:

Hand Weapons
 a - a +1 blowgun
Missiles
 c - 5 large rocks (quivered)
 d - 3 throwing nets
 m - 40 poisoned needles
Armour
 g - a +1 cloak (worn)
 k - a +0 robe (worn)
Jewellery
 b - a ring of protection from cold (right claw)
 u - a +4 ring of dexterity (left claw)
 x - an amulet of guardian spirit (around neck)
 E - an uncursed amulet of magic regeneration
Wands
 l - a wand of flame (26/48)
 z - a wand of paralysis (13/24)
 G - a wand of enslavement (13/24)
Scrolls
 i - 2 scrolls of identify
 n - 2 scrolls of recharging
 o - 3 scrolls of teleportation
 r - 2 scrolls of remove curse
 v - 2 scrolls of enchant weapon
 C - a scroll of fog
Potions
 e - 8 potions of curing
 q - 2 potions of haste
 s - a potion of resistance
 w - a potion of magic
 A - a potion of heal wounds
 B - 2 potions of ambrosia
 D - a potion of berserk rage
 F - a potion of flight
Comestibles
 f - 6 bread rations
 h - 2 beef jerkies
 j - a royal jelly
 p - 3 slices of pizza
 t - 2 meat rations
 y - 4 fruits
 H - 9 chunks of flesh


   Skills:
 + Level 6.2 Fighting
 + Level 7.7 Throwing
 + Level 1.9 Dodging
 - Level 0.3 Stealth
 * Level 10.0 Unarmed Combat


You had 9 spell levels left.
You didn't know any spells.

Dungeon Overview and Level Annotations

Branches:
Dungeon (9/15)             Temple (0/1) D:6
   Lair: D:8-11         Orc: D:9-12

Altars:
Ashenzari
Gozag
Kikubaaqudgha
Nemelex Xobeh
Okawaru
Qazlal
Sif Muna
Trog
Uskayaw
Xom

Shops:
D:9 *


Innate Abilities, Weirdness & Mutations

You are too large for most types of armour.
You have claws for hands.
Your metabolism is lightning-fast.
You like to eat raw meat.
Your natural rate of healing is unusually fast.
You are covered in fur. (AC +1)
You have very tough skin. (AC +2)


Message History

The orc warrior hits you from afar with a trident.
* * * LOW HITPOINT WARNING * * *
You are too injured to fight recklessly!
You are too injured to fight recklessly!
You closely miss the purple ugly thing.
The purple ugly thing is almost dead.
The purple ugly thing bites you.
* * * LOW HITPOINT WARNING * * *
The orc warrior hits you from afar with a trident!
* * * LOW HITPOINT WARNING * * *
You scratch the purple ugly thing.
The purple ugly thing is almost dead.
The purple ugly thing bites you!
* * * LOW HITPOINT WARNING * * *
You mangle the purple ugly thing!!
You kill the purple ugly thing!
Your Unarmed Combat skill increases to level 10!
You have reached level 10!
The orc warrior hits you from afar with a trident!!
You die...

###########
..........##############
..........##...........#
..........##......)....#
..........##...........#
.......................#
..........##...........#
####)###########'######
#†# #@# #)# #)# #.####
#o# #....# #o# ####.#
.O. #######'## .....
.........# .......
.>.......+ .........
.........# +..........


You could see an orc warrior, an ogre and an orc.

Vanquished Creatures
  An ugly thing (D:9)
  Maurice (D:8)
  The ghost of Yakui the Vexing, an amateur DEEn (D:3)
  An orc warrior (D:7)
  2 sky beasts
  3 ice beasts
  2 necrophages
  5 ogres
  3 centaurs (D:5)
  5 bullfrogs
  A scorpion (D:7)
  A killer bee (D:5)
  2 howler monkeys (D:6)
  5 crimson imps
  A bullfrog zombie (D:8)
  A quasit (D:6)
  A centaur zombie (D:5)
  A centaur skeleton (D:7)
  4 orc priests
  3 jellies
  8 orc wizards
  2 bullfrog skeletons
  An iguana (D:4)
  4 worker ants
  A hound zombie (D:7)
  A howler monkey zombie (D:5)
  Robin (D:1)
  A howler monkey skeleton (D:3)
  A worker ant zombie (D:7)
  10 adders
  A shadow imp (D:6)
  An adder zombie (D:7)
  4 adder skeletons
  2 worms (D:2)
  2 dart slugs (D:1)
  5 leopard geckos
  28 orcs
  7 bats
  4 giant cockroaches
  18 goblins
  6 hobgoblins
  5 jackals
  6 quokkas
  A ball python (D:3)
  8 frilled lizards
  A jackal skeleton (D:4)
  6 kobolds
  2 leopard gecko skeletons (D:5)
  6 rats
187 creatures vanquished.

Notes
Turn   | Place    | Note
-------+----------+-------------------------------------------
     0 | D:1      | MirrMurr the Troll Hunter began the quest for the Orb.
     0 | D:1      | Reached XP level 1. HP: 19/19 MP: 0/0
   278 | D:1      | Reached XP level 2. HP: 27/28 MP: 1/1
   391 | D:1      | Reached skill level 1 in Unarmed Combat
  1016 | D:2      | Noticed Robin
  1063 | D:1      | Reached XP level 3. HP: 32/35 MP: 2/2
  1111 | D:1      | Killed Robin
  1297 | D:2      | Reached skill level 2 in Unarmed Combat
  1361 | D:2      | Reached XP level 4. HP: 42/42 MP: 3/3
  1778 | D:3      | Noticed Yakui's ghost (amateur DEEn)
  1808 | D:3      | Found a shimmering altar of Xom.
  1808 | D:3      | Found a shimmering altar of Xom.
  1825 | D:3      | Found an iron altar of Okawaru.
  1850 | D:3      | Found a shimmering altar of Xom.
  1850 | D:3      | Found a shimmering altar of Xom.
  1850 | D:3      | Found a shimmering altar of Xom.
  1851 | D:3      | Found a shimmering altar of Xom.
  1851 | D:3      | Found a shimmering altar of Xom.
  1851 | D:3      | Found a shimmering altar of Xom.
  1851 | D:3      | Found a shimmering altar of Xom.
  1851 | D:3      | Found a shimmering altar of Xom.
  1851 | D:3      | Found a shimmering altar of Xom.
  1851 | D:3      | Found a shimmering altar of Xom.
  1872 | D:3      | Killed Yakui's ghost
  1872 | D:3      | Reached skill level 3 in Unarmed Combat
  1872 | D:3      | Reached XP level 5. HP: 50/50 MP: 4/4
  1978 | D:3      | Found a hide-covered altar of Uskayaw.
  1981 | D:3      | Became a worshipper of Uskayaw the Reveler
  2060 | D:3      | Reached * piety under Uskayaw
  2239 | D:3      | Found an opulent altar of Gozag.
  2260 | D:3      | Found an ancient bone altar of Kikubaaqudgha.
  2402 | D:3      | Found a stormy altar of Qazlal.
  2472 | D:3      | Found a bloodstained altar of Trog.
  2717 | D:4      | Reached ** piety under Uskayaw
  2834 | D:4      | Noticed an ogre
  2841 | D:4      | Killed an ogre
  2841 | D:4      | Reached skill level 4 in Unarmed Combat
  2841 | D:4      | Reached XP level 6. HP: 59/61 MP: 5/5
  2841 | D:4      | Reached *** piety under Uskayaw
  2952 | D:4      | Found a sparkling altar of Nemelex Xobeh.
  2959 | D:4      | Reached skill level 5 in Throwing
  2959 | D:4      | Reached XP level 7. HP: 50/67 MP: 6/6
  3038 | D:4      | Reached skill level 5 in Unarmed Combat
  3085 | D:5      | Entered Level 5 of the Dungeon
  3089 | D:5      | Found a deep blue altar of Sif Muna.
  3374 | D:5      | Reached skill level 6 in Unarmed Combat
  3456 | D:5      | Reached XP level 8. HP: 60/78 MP: 7/7
  3507 | D:5      | Reached **** piety under Uskayaw
  3855 | D:5      | Reached skill level 7 in Unarmed Combat
  3957 | D:6      | Found a bloodstained altar of Trog.
  4098 | D:6      | Found a staircase to the Ecumenical Temple.
  4305 | D:6      | Reached skill level 5 in Fighting
  4447 | D:7      | Found a shattered altar of Ashenzari.
  4455 | D:7      | Reached skill level 8 in Unarmed Combat
  4480 | D:7      | Reached XP level 9. HP: 39/86 MP: 4/8
  5087 | D:8      | Noticed Maurice
  5094 | D:8      | Paralysed by Maurice for 7 turns
  5104 | D:8      | Reached skill level 9 in Unarmed Combat
  5104 | D:8      | Paralysed by something for 6 turns
  5306 | D:8      | Killed Maurice
  5853 | D:9      | Found Aqirghen's Assorted Antiques.
  5981 | D:9      | Noticed a purple ugly thing
  5998 | D:9      | HP: 3/86 [purple ugly thing (14)]
  5999 | D:9      | Killed a purple ugly thing
  5999 | D:9      | Reached skill level 10 in Unarmed Combat
  5999 | D:9      | Reached XP level 10. HP: 4/95 MP: 1/9
  5999 | D:9      | Demolished by an orc warrior

Skill      XL: |  1  2  3  4  5  6  7  8  9 |
---------------+----------------------------+-----
Unarmed Combat | 1 2 3 4 6 8 10 | 10.0
Throwing       | 4 5 6 7 |  7.7
Fighting       | 2 3 4 5 6 |  6.2
Dodging        | |  1.9
Stealth        | |  0.3

Action                   |  1- 3 |  4- 6 |  7- 9 | 10-12 || total
-------------------------+-------+-------+-------+-------++-------
Melee: Short sword       |   199 |    60 |       |       ||   259
       Punch             |     1 |     1 |    17 |       ||    19
       Unarmed           |       |    76 |   336 |       ||   412
 Fire: Blowgun           |       |       |     7 |       ||     7
Throw: Large rock        |       |     6 |     3 |       ||     9
  Use: Scroll            |     4 |     9 |    12 |       ||    25
 Stab: Sleeping          |     1 |       |     5 |       ||     6
       Paralysed         |       |       |    12 |       ||    12
       Distracted        |       |       |     1 |       ||     1
  Eat: Chunk             |    18 |    15 |    28 |       ||    61
Armor: Robe              |    73 |    53 |   120 |       ||   246
Dodge: Dodged            |   106 |    75 |   127 |       ||   308
